 Seeded DCSS version 0.31-a0-164-g2312942fda (webtiles) character file.

Game seed: 15193961402842118363 (custom seed)

15754 SigmundSlayer the Skirmisher (level 12, -4/94 HPs)
             Began as a Gnoll Hunter on June 13, 2023.
             Was a High Priest of Cheibriados.
             Drowned by a water elemental (28 damage)
             ... on level 14 of the Dungeon.
             The game lasted 00:10:37 (8895 turns).

SigmundSlayer the Skirmisher (Gnoll Hunter)         Turns: 8895, Time: 00:10:38

Health: -4/94      AC: 21    Str: 23    XL:     12   Next: 30%
Magic:  23/23      EV: 12    Int: 22    God:    Cheibriados [*****.]
Gold:   1437       SH:  5    Dex: 40    Spells: 25/25 levels left

rFire   . . .        d - -1 triple crossbow (heavy)
rCold   . . .        (shield currently unavailable)
rNeg    . . .        o - -1 crystal plate armour
rPois   .            x - +2 hat
rElec   .            A - +0 cloak
rCorr   .            (no gloves)
SInv    .            (no boots)
Will    +....        s - amulet of reflection Stlth
                     e - ring of willpower
HPRegen 0.35/turn    n - +6 ring of dexterity
MPRegen 0.18/turn

%: reflection
@: engulfed (cannot breathe), very slow
A: fangs 1, strong nose, distributed training
a: Renounce Religion, Bend Time, Temporal Distortion, Slouch, Step From Time


You were on level 14 of the Dungeon.
You worshipped Cheibriados.
Cheibriados was extremely pleased with you.
You visited 1 branch of the dungeon, and saw 12 of its levels.

You collected 2188 gold pieces.
You spent 751 gold pieces at shops.

Inventory:

Hand Weapons
 d - a -1 heavy triple crossbow (weapon)
 D - a +2 long sword of flaming
Missiles
 g - 2 throwing nets
 u - 6 silver javelins
Armour
 o - a -1 crystal plate armour (worn)
 x - a +2 hat (worn)
 A - a +0 cloak (worn)
Magical Staves
 K - the staff of air "Pengon" {rElec rC+ Int+3}
   (You found it on level 9 of the Dungeon)

   [staff of air]

   Base accuracy: +5 Base damage: 5 Base attack delay: 1.2 This weapon's minimum
   attack delay (0.6) is reached at skill level 12.
   Int:       It affects your intelligence (+3).
   rC:        It protects you from cold.
   rElec:     It insulates you from electricity.
   It falls into the 'Staves' category.
   It is a one-handed weapon.
Jewellery
 e - a ring of willpower (left hand)
 n - a +6 ring of dexterity (right hand)
 s - an amulet of reflection (around neck)
 y - an amulet of faith
 G - a ring of positive energy
 J - a ring of see invisible
Wands
 c - a wand of polymorph (10)
 q - a wand of flame (23)
 E - a wand of paralysis (6)
 H - a wand of roots (6)
Scrolls
 a - a scroll of amnesia
 b - a scroll of butterflies
 i - a scroll of vulnerability
 k - 6 scrolls of teleportation
 l - a scroll of fear
 I - 2 scrolls of fog
Potions
 f - a potion of enlightenment
 h - a potion of mutation
 j - 2 potions of invisibility
 m - 2 potions of ambrosia
 p - a potion of resistance
 t - 6 potions of curing
 w - a potion of might
 z - 2 potions of cancellation
 F - a potion of brilliance


   Skills:
 + Level 8.8 Fighting
 + Level 7.4 Short Blades
 + Level 7.4 Long Blades
 + Level 7.4 Axes
 + Level 7.4 Maces & Flails
 + Level 7.4 Polearms
 + Level 7.4 Staves
 + Level 11.3 Ranged Weapons
 + Level 7.4 Throwing
 + Level 7.4 Armour
 + Level 8.8 Dodging
 + Level 7.8 Stealth
 + Level 7.4 Shields
 + Level 7.4 Unarmed Combat
 + Level 7.4 Spellcasting
 + Level 6.1 Conjurations
 + Level 6.1 Hexes
 + Level 6.1 Summonings
 + Level 6.1 Necromancy
 + Level 6.1 Translocations
 + Level 6.1 Transmutations
 + Level 6.1 Fire Magic
 + Level 6.1 Ice Magic
 + Level 6.1 Air Magic
 + Level 6.1 Earth Magic
 + Level 6.1 Poison Magic
 + Level 8.1 Invocations
 + Level 7.4 Evocations


You had 25 spell levels left.
You didn't know any spells.
Your spell library contained the following spells:

 Spells                   Type           Power      Damage    Failure   Level
 Inner Flame              Hex/Fire       35%        N/A       83%         3
 Yara's Violent Unravell  Hex/Tmut       17%        3d8       100%        5
 Enfeeble                 Hex            17%        N/A       100%        7


Dungeon Overview and Level Annotations

Branches:
Dungeon (11/15)            Temple (0/1) D:4            Lair (0/5) D:9
    Orc: D:9-12

Altars:
Ashenzari
Cheibriados
Dithmenos
Elyvilon
Gozag
Hepliaklqana
Okawaru
Qazlal
Sif Muna
Trog
Uskayaw
Vehumet
Wu Jian
Xom
Zin
The Shining One

Shops:
D:4 *


Innate Abilities, Weirdness & Mutations

You have very sharp teeth.
Your uncanny sense of smell can sniff out nearby items.
Your experience applies equally to all skills.


Message History

The bolt hits the centaur warrior simulacrum.
The centaur warrior simulacrum is lightly damaged.
You block the centaur warrior simulacrum's attack. x2
The centaur warrior simulacrum barely misses you.
The centaur warrior simulacrum kicks you but does no damage.
The centaur warrior simulacrum hits you but does no damage.
The centaur warrior simulacrum kicks you but does no damage.
The water elemental hits you.
The water elemental engulfs you in water!
The centaur warrior simulacrum hits you!
The centaur warrior simulacrum freezes you!
The centaur warrior simulacrum misses you.
Fire: d) -1 triple crossbow (heavy)
Press: ? - help, Q - select action, (/) - cycle Shift-Dir - straight line, f/p - centaur warrior simulacrum
Aim: a centaur warrior simulacrum (lightly damaged, 90% to hit)
You shoot a bolt.
The bolt completely misses the centaur warrior simulacrum.
Your lungs strain for air!
The centaur warrior simulacrum hits you but does no damage.
The centaur warrior simulacrum kicks you but does no damage.
You block the water elemental's attack.
The centaur warrior simulacrum hits you.
The centaur warrior simulacrum freezes you!!
* * * LOW HITPOINT WARNING * * *
You block the centaur warrior simulacrum's attack.
The water elemental barely misses you.
The centaur warrior simulacrum hits you but does no damage.
The centaur warrior simulacrum kicks you but does no damage.
The water elemental hits you.
* * * LOW HITPOINT WARNING * * *
The centaur warrior simulacrum closely misses you.
The centaur warrior simulacrum kicks you but does no damage.
The water elemental misses you.
Fire: d) -1 triple crossbow (heavy)
Press: ? - help, Q - select action, (/) - cycle Shift-Dir - straight line, f/p - centaur warrior simulacrum
Aim: a centaur warrior simulacrum (lightly damaged, 90% to hit)
You shoot a bolt.
The bolt hits the centaur warrior simulacrum but does no damage.
The centaur warrior simulacrum is lightly damaged.
You die...

*,*,~~~~~~~~~~~~~~~~~,,,,**
*,*,~~~~≈.~....~~.,,~,,~,,*
*,*.≈~~~~~~~....~.,,~~,~~,*
******,,..~≈~...~..∩...~~~,~~,,**
,,,,,,,,.~~~≈.........≈~,,,,,,,,,
,,,,,,,,.≈~.~~~≈~~~~~~~~,,,~,,,,,
,*****,,.~~~...........~,,,,,,,,,
,*****,,#######EZ#####.,,,,,,,,,,
,,,,**,,#######.@##....,,,,,,,,,,
,,,,,*,,#######..#.....,,,,,,,,,,
,,,,,*,,#######..#.....,,,,,,,,,,
*,*,,*,,#######..#.....,,,,,,,,,,
,,,,,*,,#######..#.....,,,,,,,,,,
*,*,,,,,...............,,,,,,,,,,
,,,,,,,,.......$.......,,,,,,,,,,
,,,,,***####..######...********,,
**,,,* ####..#######."* *,,


You could see a water elemental and a centaur warrior simulacrum.

Vanquished Creatures
  Gastronok (D:8)
  Harold (D:10)
  2 two-headed ogres
  Urug (D:10)
  Sonja (D:10)
  Nergalle (D:10)
  A deep elf pyromancer (D:9)
  Pikel (D:8)
  An ugly thing (D:9)
  2 manticores (D:9)
  Maurice (D:8)
  Maggie (D:8)
  A rime drake (D:9)
  2 komodo dragons (D:10)
  A freezing wraith (D:9)
  2 trolls (D:9)
  3 polar bears (D:9)
  2 slime creatures (D:9)
  A water elemental (D:14)
  2 shadows
  Sigmund (D:2)
  3 wyverns
  12 yaks
  4 steam dragons
  A black bear (D:4)
  8 ice beasts
  A boggart (D:9)
  2 wolves (D:9)
  A centaur (D:5)
  3 kobold brigands
  A lemure (D:8)
  A phantom (D:5)
  3 bullfrogs
  A gnoll sergeant (D:9)
  6 wights
  5 killer bees (D:9)
  2 howler monkeys
  A jelly (D:5)
  2 hounds
  2 orc priests
  2 sleepcaps
  Jessica (D:2)
  5 iguanas
  3 orc wizards
  4 gnolls (D:9)
  6 adders
  2 shadow imps
  3 white imps
  2 ufetubi
  2 worms
  2 dart slugs (D:1)
  20 orcs
  6 ball pythons
  3 bats (D:1)
  2 endoplasms
  7 giant cockroaches
  10 goblins
  3 hobgoblins
  7 jackals (D:1)
  4 quokkas
  3 frilled lizards (D:1)
  A goblin skeleton (D:8)
  2 goblin zombies (D:8)
  4 hobgoblin zombies (D:8)
  11 kobolds
  2 kobold zombies (D:8)
  An orc skeleton (D:8)
  7 rats
213 creatures vanquished.

Notes
Turn   | Place    | Note
-------+----------+-------------------------------------------
     0 | D:1      | SigmundSlayer the Gnoll Hunter began the quest for the Orb.
     0 | D:1      | Reached XP level 1. HP: 20/20 MP: 1/1
    87 | D:1      | Reached XP level 2. HP: 26/26 MP: 2/2
   523 | D:1      | Reached XP level 3. HP: 31/31 MP: 3/3
   622 | D:1      | Reached skill level 1 in Invocations
   817 | D:1      | Found a faded altar of an unknown god.
  1126 | D:2      | Noticed Sigmund
  1250 | D:2      | Noticed Jessica
  1251 | D:2      | Killed Jessica
  1252 | D:2      | Reached skill level 1 in Short Blades
  1252 | D:2      | Reached skill level 1 in Long Blades
  1252 | D:2      | Reached skill level 1 in Axes
  1252 | D:2      | Reached skill level 1 in Maces & Flails
  1252 | D:2      | Reached skill level 1 in Polearms
  1252 | D:2      | Reached skill level 1 in Staves
  1252 | D:2      | Reached skill level 1 in Throwing
  1252 | D:2      | Reached skill level 1 in Armour
  1252 | D:2      | Reached skill level 1 in Shields
  1252 | D:2      | Reached skill level 1 in Unarmed Combat
  1252 | D:2      | Reached skill level 1 in Spellcasting
  1252 | D:2      | Reached skill level 1 in Evocations
  1252 | D:2      | Reached XP level 4. HP: 38/38 MP: 5/5
  1256 | D:2      | Killed Sigmund
  1257 | D:2      | Reached skill level 1 in Conjurations
  1257 | D:2      | Reached skill level 1 in Hexes
  1257 | D:2      | Reached skill level 1 in Summonings
  1257 | D:2      | Reached skill level 1 in Necromancy
  1257 | D:2      | Reached skill level 1 in Translocations
  1257 | D:2      | Reached skill level 1 in Transmutations
  1257 | D:2      | Reached skill level 1 in Fire Magic
  1257 | D:2      | Reached skill level 1 in Ice Magic
  1257 | D:2      | Reached skill level 1 in Air Magic
  1257 | D:2      | Reached skill level 1 in Earth Magic
  1257 | D:2      | Reached skill level 1 in Poison Magic
  1257 | D:2      | Reached XP level 5. HP: 43/43 MP: 5/7
  1292 | D:2      | Reached XP level 6. HP: 45/50 MP: 8/8
  1631 | D:2      | Identified the +8 chain mail "Racsexev" {SInv}
  1664 | D:2      | Found a hide-covered altar of Uskayaw.
  2498 | D:3      | Found a snail-covered altar of Cheibriados.
  2507 | D:3      | Became a worshipper of Cheibriados the Contemplative
  2605 | D:3      | Found a white marble altar of Elyvilon.
  2846 | D:4      | Reached skill level 5 in Fighting
  2846 | D:4      | Reached skill level 5 in Dodging
  2923 | D:4      | Found a staircase to the Ecumenical Temple.
  3006 | D:4      | Reached * piety under Cheibriados
  3093 | D:4      | Found a shadowy altar of Dithmenos.
  3139 | D:4      | Found Ogerhoh's Lightly-Used Armoury.
  3147 | D:4      | Bought a -3 triple crossbow for 1 gold piece
  3222 | D:4      | Reached XP level 7. HP: 47/56 MP: 10/10
  3337 | D:4      | Found a radiant altar of Vehumet.
  3503 | D:4      | Reached skill level 9 in Ranged Weapons
  3686 | D:5      | Entered Level 5 of the Dungeon
  3815 | D:5      | Reached XP level 8. HP: 48/63 MP: 12/12
  4239 | D:5      | Reached ** piety under Cheibriados
  4752 | D:6      | Found a shimmering altar of Xom.
  4807 | D:6      | Noticed a yak
  4807 | D:6      | Noticed a yak
  4807 | D:6      | Noticed a yak
  4807 | D:6      | Noticed a yak
  4808 | D:6      | Noticed a yak
  4808 | D:6      | Noticed a yak
  4810 | D:6      | Killed a yak
  4819 | D:6      | Killed a yak
  4820 | D:6      | Reached XP level 9. HP: 51/69 MP: 14/14
  4825 | D:6      | Reached skill level 5 in Stealth
  4999 | D:6      | Found a stormy altar of Qazlal.
  5011 | D:6      | Found a shimmering blue altar of Sif Muna.
  5035 | D:6      | Found a bloodstained altar of Trog.
  5049 | D:6      | Found a hide-covered altar of Uskayaw.
  5200 | D:7      | Found an opulent altar of Gozag.
  5216 | D:7      | Reached *** piety under Cheibriados
  5217 | D:7      | Reached skill level 5 in Invocations
  5893 | D:8      | Noticed Maurice
  5894 | D:8      | Killed Maurice
  5895 | D:8      | Reached skill level 5 in Short Blades
  5895 | D:8      | Reached skill level 5 in Long Blades
  5895 | D:8      | Reached skill level 5 in Axes
  5895 | D:8      | Reached skill level 5 in Maces & Flails
  5895 | D:8      | Reached skill level 5 in Polearms
  5895 | D:8      | Reached skill level 5 in Staves
  5895 | D:8      | Reached skill level 10 in Ranged Weapons
  5895 | D:8      | Reached skill level 5 in Throwing
  5895 | D:8      | Reached skill level 5 in Armour
  5895 | D:8      | Reached skill level 5 in Shields
  5895 | D:8      | Reached skill level 5 in Unarmed Combat
  5895 | D:8      | Reached skill level 5 in Spellcasting
  5895 | D:8      | Reached skill level 5 in Evocations
  5895 | D:8      | Reached XP level 10. HP: 77/77 MP: 17/17
  6073 | D:8      | Noticed Gastronok
  6077 | D:8      | Killed Gastronok
  6266 | D:8      | Found a glowing golden altar of the Shining One.
  6274 | D:8      | Noticed Maggie
  6278 | D:8      | Killed Maggie
  6367 | D:8      | Reached **** piety under Cheibriados
  6494 | D:8      | Noticed Pikel
  6499 | D:8      | Killed Pikel
  6724 | D:9      | Found a broken altar of Ashenzari.
  6785 | D:9      | Reached skill level 5 in Conjurations
  6785 | D:9      | Reached skill level 5 in Hexes
  6785 | D:9      | Reached skill level 5 in Summonings
  6785 | D:9      | Reached skill level 5 in Necromancy
  6785 | D:9      | Reached skill level 5 in Translocations
  6785 | D:9      | Reached skill level 5 in Transmutations
  6785 | D:9      | Reached skill level 5 in Fire Magic
  6785 | D:9      | Reached skill level 5 in Ice Magic
  6785 | D:9      | Reached skill level 5 in Air Magic
  6785 | D:9      | Reached skill level 5 in Earth Magic
  6785 | D:9      | Reached skill level 5 in Poison Magic
  6795 | D:9      | Found a staircase to the Lair.
  6798 | D:9      | Reached XP level 11. HP: 85/85 MP: 20/20
  6952 | D:9      | Noticed a manticore
  6953 | D:9      | Killed a manticore
  6970 | D:9      | Reached ***** piety under Cheibriados
  6973 | D:9      | Noticed a two-headed ogre
  6976 | D:9      | Killed a two-headed ogre
  7001 | D:9      | Noticed a deep elf pyromancer
  7031 | D:9      | Noticed a manticore
  7034 | D:9      | Killed a manticore
  7058 | D:9      | Noticed a cyan ugly thing
  7059 | D:9      | Killed a cyan ugly thing
  7069 | D:9      | Killed a deep elf pyromancer
  7133 | D:9      | Identified the staff of air "Pengon" {rElec rC+ Int+3}
  7368 | D:9      | Found a glowing silver altar of Zin.
  7521 | D:9      | Identified a scroll of acquirement
  7521 | D:9      | Acquired 1068 gold pieces
  7620 | D:4      | Bought a -1 crystal plate armour for 750 gold pieces
  7787 | D:10     | Entered Level 10 of the Dungeon
  7801 | D:10     | Noticed Harold
  7803 | D:10     | Killed Harold
  7804 | D:10     | Reached skill level 11 in Ranged Weapons
  8061 | D:10     | Acquired 679 gold pieces
  8066 | D:10     | Found an ornate altar of the Wu Jian Council.
  8080 | D:10     | Noticed a two-headed ogre
  8084 | D:10     | Killed a two-headed ogre
  8085 | D:10     | Reached XP level 12. HP: 84/94 MP: 22/22
  8149 | D:10     | Noticed Nergalle
  8150 | D:10     | Killed Nergalle
  8217 | D:10     | Found an iron altar of Okawaru.
  8601 | D:10     | Found a hazy altar of Hepliaklqana.
  8601 | D:10     | Noticed Sonja
  8601 | D:10     | Noticed Urug
  8602 | D:10     | Killed Sonja
  8610 | D:10     | Killed Urug
  8889 | D:11     | You fall into a shaft and drop 3 floors!
  8895 | D:14     | Drowned by a water elemental

Illustrated notes

Levels and vault maps discovered:
D:1:      evilmike_arrival_rings, layout_loops_ring,
          dreamdust_ecumenical_altar_hidden_monk_grotto, minmay_cut_off
D:2:      layout_basic, basic_altar, uniq_sigmund, uniq_jessica
D:3:      layout_loops_corners, mainiacjoe_overflow_alcove_2,
          mainiacjoe_overflow_small_starburst
D:4:      layout_gridville, general_overflow_altar,
          nicolae_dithmenos_shadow_blocks, minmay_temple_entry_glass,
          minmay_shop_damaged
D:5:      layout_basic
D:6:      layout_rooms, mainiacjoe_overflow_six_doors_small,
          nicolae_overflow_quartered_altars
D:7:      layout_gridville, mainiacjoe_overflow_cross_hatched
D:8:      layout_rooms, nicolae_tso_besieged_by_evil, uniq_maurice,
          uniq_gastronok, uniq_maggie, uniq_pikel
D:9:      layout_loops_ring, overflow_temple_1_default, zin_statuary,
          hellmonk_lair_entry_icy, minmay_evil_grid
D:10:     layout_basic, okawaru_ov_weapons_minmay, mainiacjoe_overflow_alcove_4,
          lemuel_round_altar, uniq_sonja, uniq_nergalle, uniq_harold, uniq_urug
D:11:     layout_stronghold, orc_0_dummy,
          hellmonk_guarded_unrand_seven_league_boots
D:14:     layout_small_grid, skrybe_vaults_entry_preservation, serial_ice,
          serial_ice_b, serial_ice_c, serial_ice_j, serial_ice_e, serial_ice_o,
          serial_ice_f, portal_ice_cave_entry_pillars_three, lemuel_round_altar,
          serial_shops, nicolae_shop_statue_plus, nzn_hepliaklqana_mist_gate

Skill      XL: |  1  2  3  4  5  6  7  8  9 10 11 12 |
---------------+-------------------------------------+-----
Invocations    | 1 2 3 4 5 6 7 8 |  8.1
Short Blades   | 1 2 3 5 6 7 |  7.4
Long Blades    | 1 2 3 5 6 7 |  7.4
Axes           | 1 2 3 5 6 7 |  7.4
Maces & Flails | 1 2 3 5 6 7 |  7.4
Polearms       | 1 2 3 5 6 7 |  7.4
Staves         | 1 2 3 5 6 7 |  7.4
Throwing       | 1 2 3 5 6 7 |  7.4
Armour         | 1 2 3 5 6 7 |  7.4
Shields        | 1 2 3 5 6 7 |  7.4
Unarmed Combat | 1 2 3 5 6 7 |  7.4
Spellcasting   | 1 2 3 5 6 7 |  7.4
Evocations     | 1 2 3 5 6 7 |  7.4
Stealth        | 3 4 5 6 7 |  7.8
Conjurations   | 1 2 3 4 5 6 |  6.1
Hexes          | 1 2 3 4 5 6 |  6.1
Summonings     | 1 2 3 4 5 6 |  6.1
Necromancy     | 1 2 3 4 5 6 |  6.1
Translocations | 1 2 3 4 5 6 |  6.1
Transmutations | 1 2 3 4 5 6 |  6.1
Fire Magic     | 1 2 3 4 5 6 |  6.1
Ice Magic      | 1 2 3 4 5 6 |  6.1
Air Magic      | 1 2 3 4 5 6 |  6.1
Earth Magic    | 1 2 3 4 5 6 |  6.1
Poison Magic   | 1 2 3 4 5 6 |  6.1
Fighting       | 5 6 7 8 |  8.8
Dodging        | 5 6 7 8 |  8.8
Ranged Weapons | 9 10 11 | 11.3

Action                     |  1- 3 |  4- 6 |  7- 9 | 10-12 || total
---------------------------+-------+-------+-------+-------++-------
   Fire: Shortbow          |    80 |    91 |       |       ||   171
         Triple crossbow   |       |     7 |   103 |   147 ||   257
    Use: Potion            |     1 |     1 |     1 |       ||     3
         Scroll            |       |     7 |     9 |    14 ||    30
 Armour: Leather armour    |     4 |     3 |     6 |       ||    13
         Ring mail         |       |       |     7 |     8 ||    15
         Skin              |       |       |     5 |       ||     5
         Steam dragon scal |       |       |       |    11 ||    11
         Crystal plate arm |       |       |       |    37 ||    37
         Troll leather arm |       |       |       |     1 ||     1
  Dodge: Dodged            |    17 |    22 |    71 |   113 ||   223
  Block: Other             |       |       |    11 |    39 ||    50

Table legend: (Time is in decaauts)
 A = Elapsed time spent in this place.
 B = Non-inter-level travel time spent in this place.
 C = Inter-level travel time spent in this place.
 D = Time resting spent in this place.
 E = Time spent auto-exploring this place.
 F = Levels seen in this place.
 G = Mean time per level.
                   A        B        C        D        E       F      G
               +--------+--------+--------+--------+--------+-----+--------+
         Total |  11818 |  10997 |    821 |   1158 |   8239 |  12 |  984.8 |
       Dungeon |  11818 |  10997 |    821 |   1158 |   8239 |  12 |  984.8 |
               +--------+--------+--------+--------+--------+-----+--------+

Top non-repeatable levels by time:
    D:10: 1655 daAuts
     D:9: 1558 daAuts
     D:7: 1227 daAuts
     D:8: 1199 daAuts
     D:4: 1148 daAuts
     D:6: 1067 daAuts
     D:2: 1027 daAuts
     D:5: 1024 daAuts
     D:1: 953 daAuts
     D:3: 942 daAuts
    D:14: 14 daAuts
    D:11: 0 daAuts
